 Dungeon Crawl Stone Soup version 0.21-a0-241-g2cbab09 (webtiles) character file.

382 Gorice the Vexing (level 6, -1/51 HPs)
             Began as a Gnoll Arcane Marksman on Sept 3, 2017.
             Killed from afar by an orc wizard (8 damage)
             ... with a magic dart
             ... on level 4 of the Dungeon.
             The game lasted 00:22:15 (6288 turns).

Gorice the Vexing (Gnoll Arcane Marksman)           Turns: 6288, Time: 00:22:16

Health: -1/51      AC:  3    Str:  7    XL:     6   Next: 76%
Magic:  8/8        EV: 12    Int:  7    God:
Gold:   159        SH:  5    Dex:  7    Spells: 5/8 levels left

rFire    . . .     SeeInvis .   a - +1 whip
rCold    . . .     Gourm    .   (no shield)
rNeg     . . .     Faith    .   h - +0 robe
rPois    .         Spirit   .   (no helmet)
rElec    .         Reflect  +   (no cloak)
rCorr    .         Harm     .   x - +0 pair of gloves
MR       +....                  (no boots)
Stlth    ..........             g - +5 amulet of reflection
HPRegen  0.17/turn              w - ring of protection from magic
MPRegen  0.11/turn              t - ring of loudness (curse)

@: no status effects
A: unchanging attributes, fangs 1, strong nose
a: no special abilities


You were on level 4 of the Dungeon.
You were near starving.

You visited 1 branch of the dungeon, and saw 5 of its levels.

You collected 159 gold pieces.

Inventory:

Hand Weapons
 a - a +1 whip (weapon)
 b - a +0 hunting sling
 k - a +0 hand axe
 z - a +0 spear
 E - a +0 flail
Missiles
 e - 21 bolts
 i - 6 tomahawks
 j - 2 javelins (quivered)
 m - 23 poisoned needles
 H - 29 sling bullets
 Z - 106 stones
Armour
 h - a +0 robe (worn)
 o - a +0 chain mail
 x - a +0 pair of gloves (worn)
Jewellery
 g - a +5 amulet of reflection (around neck)
 t - a cursed ring of loudness (right hand)
 w - a ring of protection from magic (left hand)
Wands
 D - a wand of confusion (14/48)
Scrolls
 p - a scroll of enchant weapon
 y - a scroll of blinking
 F - 2 scrolls of teleportation {!r}
 G - a scroll of remove curse
Potions
 c - a potion of agility {unknown}
 l - a potion of flight {unknown}
 q - 3 potions of berserk rage {unknown}
 r - a potion of mutation {unknown}
 s - a potion of brilliance {unknown}
 A - a potion of haste {unknown}
 B - a potion of lignification {unknown}
 C - 3 potions of curing {unknown}
Books
 v - a book of Debilitation
Comestibles
 d - 10 fruits
 f - 4 bread rations {!e}
 n - 2 meat rations {!e}
 u - 3 royal jellies


   Skills:
 + Level 5.3 Fighting
 + Level 5.7 Throwing
 - Level 2.6 Dodging
 - Level 1.5 Spellcasting
 + Level 6.2 Hexes


You had 5 spell levels left.
You knew the following spells:

 Your Spells              Type           Power        Failure   Level  Hunger
a - Corona                Hex            #......      3%          1    ##.....
b - Slow                  Hex            #.......     4%          2    ###....


Dungeon Overview and Level Annotations

Branches:
Dungeon (5/15)
 Temple: D:4-7

Altars:
Ashenzari


Innate Abilities, Weirdness & Mutations

Your physical attributes are unchanging.
You have very sharp teeth.
Your uncanny sense of smell can sniff out nearby items.


Message History

Damage: 1 (max 1) Unknown command.
Evoke which item? (* to show all) (? for menu, Esc to quit)
You don't have any such object.
Evoke which item? (* to show all) (? for menu, Esc to quit)
Huh?
Evoke which item? (* to show all) (? for menu, Esc to quit)
Okay, then.
Unknown command.
Unknown command.
Unknown command.
Evoke which item? (* to show all) (? for menu, Esc to quit)
Aiming: Confuse (will waste charges)
Press: ? - help, Shift-Dir - straight line, f/p - orc wizard
Aim: an orc wizard, wielding a dagger of protection and wearing a robe (lightly wounded, fast, chance to defeat MR: 46%)
The orc wizard resists with some effort.
Evoking this partially-identified wand wasted a few charges.
The orc wizard hits you with a dagger of protection.
* * * LOW HITPOINT WARNING * * *
Damage: 2 (max 2) Throwing (i - inventory. (,) - cycle):
j - 6 javelins (quivered)
Press: ? - help, Shift-Dir - straight line, f/p - orc wizard
Aim: an orc wizard, wielding a dagger of protection and wearing a robe (lightly wounded, fast)
You throw a javelin. The javelin misses the orc wizard.
The orc wizard casts a spell.
The orc wizard blinks!
Throwing (i - inventory. (,) - cycle):
j - 5 javelins (quivered)
Press: ? - help, Shift-Dir - straight line, f/p - orc wizard
Aim: an orc wizard, wielding a dagger of protection and wearing a robe (lightly wounded, fast)
You throw a javelin. The javelin hits the orc wizard!
The orc wizard is heavily wounded.
Throwing (i - inventory. (,) - cycle):
j - 4 javelins (quivered)
Press: ? - help, Shift-Dir - straight line, f/p - orc wizard
Aim: an orc wizard, wielding a dagger of protection and wearing a robe (translocational energy, heavily wounded, fast)
You throw a javelin.
The javelin closely misses the orc wizard.
The orc wizard hits you with a dagger of protection.
* * * LOW HITPOINT WARNING * * *
The orc wizard hits you but does no damage.
Damage: 2 (max 2) Unknown command.
Throwing (i - inventory. (,) - cycle):
j - 3 javelins (quivered)
Press: ? - help, Shift-Dir - straight line, f/p - orc wizard
Aim: an orc wizard, wielding a dagger of protection and wearing a robe (heavily wounded, fast)
You throw a javelin.
The javelin closely misses the orc wizard.
You block the orc wizard's attack.
The orc wizard points at you and mumbles some strange words.
The magic dart hits you!
You die...

#..# ##.# #..## #o#
♣♣♣♣♣#...# #.#
♣♣......#.## #.##
♣♣♣.......#..# #..#
♣..♣♣♣♣♣#.##.# ##.#
.♣♣♣ #..#.####(# ♣♣
###.##.#..#o#
##...##.#).@(#
######.....#.######
#..........#.###
.#...##.#.#<.#.#
........#.#..#.#
........#.#..#.#
.#.#.>.##....#.###
.#.#.............#
.......#..#..#.#.#


You could see an orc wizard.

Vanquished Creatures
  A scorpion (D:5)
  A howler monkey (D:4)
  A jelly (D:5)
  A bullfrog skeleton (D:4)
  2 iguanas (D:4)
  A worker ant (D:4)
  8 adders
  An ooze (D:3)
  A worm (D:3)
  2 dart slugs
  4 leopard geckos
  4 orcs
  A giant cockroach (D:2)
  10 hobgoblins
  3 jackals (D:1)
  6 kobolds
  2 quokkas (D:2)
  A ball python (D:3)
  A ball python skeleton (D:4)
  10 bats
  8 frilled lizards
  10 goblins
  3 rats
82 creatures vanquished.

Notes
Turn   | Place    | Note
-------+----------+-------------------------------------------
     0 | D:1      | Gorice the Gnoll Arcane Marksman began the quest for the Orb.
     0 | D:1      | Reached XP level 1. HP: 15/15 MP: 3/3
   209 | D:1      | Reached skill level 3 in Throwing
   448 | D:1      | Reached skill level 2 in Fighting
   448 | D:1      | Reached XP level 2. HP: 18/22 MP: 0/4
   891 | D:1      | HP: 4/22 [kobold/dagger (4)]
   898 | D:1      | HP: 3/22 [kobold/dagger (2)]
  1277 | D:1      | Reached XP level 3. HP: 28/28 MP: 0/5
  2072 | D:2      | Reached skill level 4 in Throwing
  2786 | D:2      | Learned a level 2 spell: Slow
  3039 | D:3      | Reached XP level 4. HP: 27/34 MP: 2/6
  3078 | D:3      | Reached skill level 3 in Fighting
  3091 | D:3      | HP: 10/35 [poisoned by an adder]
  3099 | D:3      | HP: 9/35 [poisoned by an adder]
  3645 | D:3      | Noticed a water moccasin
  4030 | D:3      | Reached skill level 5 in Hexes
  4617 | D:4      | Found a shattered altar of Ashenzari.
  4656 | D:4      | Reached XP level 5. HP: 42/42 MP: 3/7
  4873 | D:4      | Reached skill level 4 in Fighting
  5319 | D:4      | Reached skill level 5 in Throwing
  5355 | D:4      | Reached XP level 6. HP: 47/49 MP: 2/8
  5963 | D:5      | Entered Level 5 of the Dungeon
  6070 | D:4      | Reached skill level 5 in Fighting
  6070 | D:4      | Reached skill level 6 in Hexes
  6230 | D:4      | HP: 15/51 [orc wizard/dagger of protection (2)]
  6244 | D:4      | HP: 5/51 [orc/mace of protection (5)]
  6283 | D:4      | HP: 10/51 [orc wizard/dagger of protection (2)]
  6288 | D:4      | Killed from afar by an orc wizard

Vault maps used:
D:1:      dpeg_arrival_orchard, minmay_distorted
D:4:      kb_forest_paths, first_bread, corexii_checkpoint_a,
          evilmike_ruin_ashenzari
D:5:      lemuel_round_altar, overflow_temple_1_default, uniq_grinder

Skill      XL: |  1  2  3  4  5  6 |
---------------+-------------------+-----
Throwing       | 3 4 5 |  5.7
Fighting       | 2 3 4 5 |  5.3
Hexes          | 5 6 |  6.2
Dodging        | |  2.6
Spellcasting   | |  1.5

Action                   |  1- 3 |  4- 6 || total
-------------------------+-------+-------++-------
Melee: Whip              |   148 |   216 ||   364
       Bite              |     4 |    11 ||    15
Throw: Javelin           |     9 |    15 ||    24
       Throwing net      |     2 |     3 ||     5
       Tomahawk          |     3 |    19 ||    22
 Cast: Corona            |    67 |    59 ||   126
       Slow              |       |    17 ||    17
Evoke: Wand              |       |     5 ||     5
  Use: Scroll            |     5 |     5 ||    10
 Stab: Held in net/web   |       |     1 ||     1
       Confused          |       |     2 ||     2
  Eat: Chunk             |     9 |    13 ||    22
Armor: Robe              |    39 |    32 ||    71
Dodge: Dodged            |   137 |   132 ||   269
Block: Other             |    22 |    50 ||    72

Table legend:
 A = Spawn XP
 B = Non-spawn XP
 C = Spawn XP percentage of total XP
 D = Spawn monster count
 E = Non-spawn monster count
 F = Spawn count percentage of total count
 G = Total turns spent on level
                    A         B        C        D         E        F      G
               +---------+---------+-------+---------+---------+-------+---------
         Total |     101 |     446 |  18.5 |      10 |      72 |  12.2 |  6288
               +---------+---------+-------+---------+---------+-------+---------
           D:1 |       3 |      38 |   7.3 |       2 |      22 |   8.3 |  1660
           D:2 |       4 |      29 |  12.1 |       1 |      10 |   9.1 |  1159
           D:3 |      21 |      54 |  28.0 |       5 |      22 |  18.5 |  1776
           D:4 |      73 |     216 |  25.3 |       2 |      16 |  11.1 |  1497
           D:5 |       0 |     109 |   0.0 |       0 |       2 |   0.0 |   196
               +---------+---------+-------+---------+---------+-------+---------

Table legend:
 A = Turns spent in this place as a percentage of turns spent in the entire game.
 B = Non-inter-level travel turns spent in this place as a percentage of non-inter-level travel turns spent in the entire game.
 C = Inter-level travel turns spent in this place as a percentage of turns spent in this place.
 D = Turns resting spent in this place as a percentage of non-inter-level travel turns spent in this place.
 E = Turns spent auto-exploring this place as a percentage of non-inter-level travel turns spent in this place.
 F = Non-inter-level travel turns spent in this place divided by the number of levels of this place that you've seen.
                   A       B       C       D       E      F
               +-------+-------+-------+-------+-------+----------------------
         Total | 100.0 | 100.0 |   3.6 |  35.0 |  37.7 | 1211.8
       Dungeon | 100.0 | 100.0 |   3.6 |  35.0 |  37.7 | 1211.8
               +-------+-------+-------+-------+-------+----------------------

Vault maps used:
D:1:      dpeg_arrival_orchard, minmay_distorted
D:4:      kb_forest_paths, first_bread, corexii_checkpoint_a,
          evilmike_ruin_ashenzari
D:5:      lemuel_round_altar, overflow_temple_1_default, uniq_grinder
